 Dungeon Sprint DCSS version 0.27.1-33-g824d729ab1 (webtiles) character file.

Game seed: 1955824476194698011

5373 Adenis the Fencer (level 10, -2/110 HPs)
             Began as a Minotaur Berserker on Dec 4, 2021.
             Was a High Priest of Trog.
             Succumbed to Sonja's poison
             ... in the Dungeon (Sprint I: "Red Sonja").
             The game lasted 00:07:10 (3418 turns).

Adenis the Fencer (Minotaur Berserker)              Turns: 3418, Time: 00:07:11

Health: -2/110     AC:  7    Str: 33    XL:     10   Next: 39%
Magic:  9/9        EV: 15    Int:  4    God:    Trog [*****.]
Gold:   816        SH:  0    Dex: 11    Spells: 9/9 levels left

rFire    + . .     SeeInvis .   n - +5 great sword of the Dead {vorpal, rPois Str+3}
rCold    + . .     Faith    .   (shield currently unavailable)
rNeg     . . .     Spirit   .   i - +2 robe {rC+ rF+}
rPois    +         Reflect  .   (helmet restricted)
rElec    .         Harm     .   q - +0 cloak
rCorr    .         Rampage  .   (no gloves)
Will     +....     NoTele   +   p - +0 pair of boots
Stlth    ++........             (no amulet)
HPRegen  0.28/turn              j - ring of willpower
MPRegen  0.11/turn              r - +6 ring of strength

@: lethally poisoned (-2 -> -22), on berserk cooldown, slowed, very slow
A: horns 2, retaliatory headbutt
a: Renounce Religion, Berserk, Trog's Hand, Brothers in Arms


You were in the Dungeon.
You worshipped Trog.
Trog was extremely pleased with you.
You visited 1 branch You collected 1625 gold pieces.
You spent 809 gold pieces at shops.

Inventory:

Hand Weapons
 a - a +0 falchion
 n - the +5 great sword of the Dead (weapon) {vorpal, rPois Str+3}
   (Trog gifted it to you in the Dungeon)

   It inflicts extra damage upon your enemies.
   Str:       It affects your strength (+3).
   rPois:     It protects you from poison.
Armour
 b - a +0 animal skin
 i - a +2 robe of resistance (worn)
 p - a +0 pair of boots (worn)
 q - a +0 cloak (worn)
Jewellery
 j - a ring of willpower (left hand)
 r - a +6 ring of strength (right hand)
Scrolls
 h - a scroll of blinking
 k - a scroll of enchant armour {unknown}
 l - a scroll of brand weapon {unknown}
 o - a scroll of immolation {unknown}
Potions
 c - 2 potions of curing
 e - 2 potions of haste
 f - 3 potions of magic
 g - a potion of berserk rage
 m - a potion of resistance {unknown}


   Skills:
 + Level 16.9 Fighting
 + Level 18.2 Long Blades
 + Level 9.1 Armour
 + Level 9.9 Dodging
 + Level 2.8 Stealth


You had 9 spell levels left.
You didn't know any spells.
Your spell library was empty.

Dungeon Overview and Level Annotations

Branches:
Dungeon (1/1)

Altars:
Cheibriados
Dithmenos
Elyvilon
Fedhas
Gozag
Hepliaklqana
Kikubaaqudgha
Makhleb
Nemelex Xobeh
Okawaru
Qazlal
Ru
Sif Muna
Trog
Uskayaw
Vehumet
Wu Jian
Xom
Yredelemnul
Zin
The Shining One
Jiyva
Lugonu

Shops:
D ![((*[=[[[!:([[[

Annotations:
D Sonja


Innate Abilities, Weirdness & Mutations

You have a pair of horns on your head.
You reflexively headbutt those who attack you in melee.


Message History

Sonja hits you with a +1 dagger of venom.
* * * LOW HITPOINT WARNING * * *
Sonja hits you with a +1 dagger of venom.
* * * LOW HITPOINT WARNING * * *
You closely miss Sonja.
You are no longer berserk.
You are exhausted.
You feel yourself slow down.
You feel sick.
Sonja says, "Someone hired me to kill you, but I'm not supposed to say who."
Sonja completely misses you.
Sonja hits you with a +1 dagger of venom.
* * * LOW HITPOINT WARNING * * *
Sonja hits you with a +1 dagger of venom.
* * * LOW HITPOINT WARNING * * *
You are more poisoned.
You hit Sonja.
Sonja is lightly wounded.
* * * LOW HITPOINT WARNING * * *
You feel extremely sick. Sonja closely misses you.
Sonja hits you but does no damage.
You are more poisoned.
Sonja hits you with a +1 dagger of venom.
* * * LOW HITPOINT WARNING * * *
Press: ? - help, v - describe, . - travel
Here: Sonja, wielding a +1 dagger of venom, quivering curare-tipped darts and carrying a wand of iceblast (10) (lightly wounded)
An open door.
You feel much better.
* * * LOW HITPOINT WARNING * * *
You feel extremely sick.
Sonja hits you with a +1 dagger of venom.
* * * LOW HITPOINT WARNING * * *
Sonja closely misses you.
Sonja hits you with a +1 dagger of venom.
* * * LOW HITPOINT WARNING * * *
Sonja hits you with a +1 dagger of venom.
* * * LOW HITPOINT WARNING * * *
Sonja hits you but does no damage. Sonja completely misses you.
You miss Sonja.
Sonja is lightly wounded.
You die...

#..####..#...#.####§§#####
#..#__####..##.#≈§§§.#§.#
#..#_____##'#_.§§§≈§§'..#
#⌠⌠#_.∩...'..._#§§≈§§#§.#
####_..__##_.#'##'#####'###
#_____###+#)#(§.)###.'.#
#########.####'###.###.#
+$.$K..§..'(∩##.#
#$.@###########.#
##.###....§§.##.# #+#
#.....§§§§.# #''.######.#
#.....).§#§#
######†.....§#§.#
#[..))......≈####
#:.........≈≈#
##.......≈≈≈##


You could see Sonja.

Vanquished Creatures
  2 centaur warriors (D)
  A deep troll (D)
  An oklob plant (D)
  2 unseen horrors (D)
  2 kobold demonologists (D)
  A hornet (D)
  A slime creature (D)
  Sigmund (D)
  2 redbacks (D)
  A yak (D)
  2 floating eyes (D)
  An ogre (D)
  7 necrophages (D)
  8 jellies (D)
  Ijyb (D)
33 creatures vanquished.

Vanquished Creatures (others)
  A gargoyle (D)
  2 hornets (D)
3 creatures vanquished.

Grand Total: 36 creatures vanquished

Notes
Turn   | Place    | Note
-------+----------+-------------------------------------------
     0 | D        | Adenis the Minotaur Berserker began the quest for the Orb.
     0 | D        | Reached XP level 1. HP: 19/19 MP: 0/0
     2 | D        | Noticed Ijyb
    12 | D        | Killed Ijyb
    13 | D        | Reached skill level 5 in Fighting
    13 | D        | Reached skill level 5 in Long Blades
    13 | D        | Reached XP level 2. HP: 30/30 MP: 1/1
   135 | D        | Noticed an ogre
   138 | D        | Killed an ogre
   139 | D        | Reached skill level 7 in Long Blades
   139 | D        | Reached XP level 3. HP: 38/40 MP: 2/2
   139 | D        | Reached XP level 4. HP: 46/48 MP: 3/3
   421 | D        | Noticed Sigmund
   426 | D        | Killed Sigmund
   426 | D        | Reached ** piety under Trog
   427 | D        | Reached skill level 10 in Fighting
   427 | D        | Reached skill level 10 in Long Blades
   427 | D        | Reached skill level 5 in Armour
   427 | D        | Reached XP level 5. HP: 58/58 MP: 4/4
   427 | D        | Reached XP level 6. HP: 66/66 MP: 5/5
   594 | D        | Found an ornate altar of the Wu Jian Council.
   594 | D        | Found a shimmering blue altar of Sif Muna.
   596 | D        | Found a radiant altar of Vehumet.
   674 | D        | Found Bev Giqud's Distillery.
   674 | D        | Found an ancient bone altar of Kikubaaqudgha.
   674 | D        | Found a hazy altar of Hepliaklqana.
   674 | D        | Found a stormy altar of Qazlal.
   674 | D        | Found a hide-covered altar of Uskayaw.
   674 | D        | Found a blossoming altar of Fedhas.
   674 | D        | Found a bloodstained altar of Trog.
   674 | D        | Found an iron altar of Okawaru.
   674 | D        | Found a basalt altar of Yredelemnul.
   674 | D        | Found a glowing golden altar of the Shining One.
   674 | D        | Found a snail-covered altar of Cheibriados.
   674 | D        | Found a sacrificial altar of Ru.
   674 | D        | Found a glowing silver altar of Zin.
   674 | D        | Found a shadowy altar of Dithmenos.
   674 | D        | Found a white marble altar of Elyvilon.
   674 | D        | Noticed a yak
   678 | D        | Killed a yak
   679 | D        | Reached skill level 11 in Long Blades
   679 | D        | Reached skill level 5 in Dodging
   679 | D        | Found an opulent altar of Gozag.
   680 | D        | Found a sparkling altar of Nemelex Xobeh.
   884 | D        | Found a burning altar of Makhleb.
   884 | D        | Found a viscous altar of Jiyva.
   884 | D        | Found a shimmering altar of Xom.
   884 | D        | Found a corrupted altar of Lugonu.
   884 | D        | Noticed a slime creature
   887 | D        | Killed a slime creature
   887 | D        | Reached *** piety under Trog
   888 | D        | Reached skill level 12 in Long Blades
   888 | D        | Reached XP level 7. HP: 77/77 MP: 6/6
  1089 | D        | Noticed a kobold demonologist
  1089 | D        | Noticed a kobold demonologist
  1096 | D        | Killed a kobold demonologist
  1097 | D        | Reached skill level 13 in Long Blades
  1102 | D        | Killed a kobold demonologist
  1102 | D        | Reached **** piety under Trog
  1103 | D        | Reached XP level 8. HP: 86/86 MP: 7/7
  1212 | D        | Killed a hornet
  1212 | D        | Killed a hornet
  1248 | D        | Noticed a centaur warrior
  1248 | D        | Noticed a centaur warrior
  1263 | D        | Killed a centaur warrior
  1264 | D        | Reached skill level 15 in Long Blades
  1267 | D        | Killed a centaur warrior
  1268 | D        | Reached skill level 15 in Fighting
  1268 | D        | Reached skill level 16 in Long Blades
  1268 | D        | Reached XP level 9. HP: 27/97 MP: 8/8
  1977 | D        | Noticed a deep troll
  1982 | D        | Killed a deep troll
  2137 | D        | Found Elas's Armour Emporium.
  2161 | D        | Noticed an oklob plant
  2172 | D        | Killed an oklob plant
  2172 | D        | Reached ***** piety under Trog
  2173 | D        | Reached skill level 17 in Long Blades
  2476 | D        | Reached skill level 1 in Stealth
  2487 | D        | Identified the +5 great sword of the Dead {vorpal, rPois
                  | Str+3} (Trog gifted it to you in the Dungeon)
  2487 | D        | Received a gift from Trog
  2488 | D        | Reached XP level 10. HP: 63/107 MP: 9/9
  2591 | D        | Killed a gargoyle
  3227 | D        | Received a gift from Trog
  3237 | D        | Reached skill level 18 in Long Blades
  3257 | D        | Received a gift from Trog
  3288 | D        | Found Ceysh's Weapon Shoppe.
  3288 | D        | Found Zogeuc's Antique Armour Shop.
  3288 | D        | Found Myqunt's Weapon Boutique.
  3290 | D        | Found Emyz's Assorted Antiques.
  3290 | D        | Found Tuwops's Antique Armour Shop.
  3290 | D        | Found Bueshics's Jewellery Shoppe.
  3290 | D        | Found Wocim's Antique Armour Boutique.
  3290 | D        | Found Carch's Armour Emporium.
  3290 | D        | Found Lonel's Armour Shop.
  3290 | D        | Found Umme's Distillery.
  3294 | D        | Found Lomyunn's Book Boutique.
  3295 | D        | Found Maexew's Armour Emporium.
  3295 | D        | Found Segu's Antique Weapon Boutique.
  3296 | D        | Found Ytuad's Armour Emporium.
  3302 | D        | Bought a +0 pair of boots for 58 gold pieces
  3307 | D        | Bought a +0 cloak for 49 gold pieces
  3325 | D        | Bought a +6 ring of strength for 702 gold pieces
  3399 | D        | Noticed Sonja
  3416 | D        | HP: 2/110 [Sonja (4)]
  3418 | D        | Succumbed to Sonja's poison

Illustrated notes

Levels and vault maps discovered:
D:        dungeon_sprint_1 [red_sonja_temple_1, red_sonja_temple_small_1]

Skill      XL: |  1  2  3  4  5  6  7  8  9 10 |
---------------+-------------------------------+-----
Fighting       | 5 7 10 12 13 15 16 | 16.9
Long Blades    | 5 7 10 12 13 16 17 18 | 18.2
Armour         | 3 4 5 6 7 8 9 |  9.1
Dodging        | 3 4 5 6 8 9 |  9.9
Stealth        | 1 2 |  2.8

Action                   |  1- 3 |  4- 6 |  7- 9 | 10-12 || total
-------------------------+-------+-------+-------+-------++-------
Melee: Falchion          |    11 |    10 |    53 |       ||    74
       Headbutt          |     3 |     3 |    12 |     8 ||    26
       Great sword       |       |       |       |    46 ||    46
Invok: Berserk           |     2 |     4 |     4 |     2 ||    12
  Use: Potion            |       |       |       |     1 ||     1
Armor: Robe              |       |     3 |     4 |    10 ||    17
Dodge: Dodged            |     5 |     4 |    17 |    32 ||    58
       Rpst.: Falchion   |     1 |     1 |     4 |       ||     6
       Great sword       |       |       |       |     4 ||     4
